[ AOE2 MATCH · #495386749 ]
UnrankedVietnamese vs Japanese
Player's team · WIN
Rival team · LOSS
[ REPLAY ANALYSIS · EXTRACTED FROM THE RECORDED GAME ]
Feudal
8:52
Castle
23:10
Imperial
36:45
| APM avg | 83.1 |
| APM peak | 123 |
| eAPM avg | 34.1 |
| Villagers / military | 135 / 74 |
Focus
⚔️ 29.1% · 🌾 70.9%
Skirmisher ×34 · Knight ×19 · Archer ×13 · Mangonel ×4 · Monk ×3 · Spearman ×1
Feudal
10:23
Castle
21:51
Imperial
—
| APM avg | 60.1 |
| APM peak | 93 |
| eAPM avg | 25.8 |
| Villagers / military | 106 / 125 |
Focus
⚔️ 38.0% · 🌾 62.0%
Cavalry Archer ×70 · Skirmisher ×34 · Mangonel ×11 · Militia ×5 · Scorpion ×4 · Spearman ×1
Match map
Initial resources + every placement click. Lines = walls · curves = elevation contours. ◆ gold · ⬟ stone · ● berries · ✦ relic · ◌ wall gap
Your base· Open — 4t gap
Ode's base· ✓ Closed at 21:51 · 59t walls · 1 gate(s)
Smoothed initial terrain · ◌ = detected wall gap · hover for details
Inputs per minute
— Swareee - - Ode
Build order — Swareee
First 150 of 364 actions detected
| 0:01 | Create | Villager (Male) |
| 0:02 | Create | Villager (Male) |
| 0:02 | Build | House |
| 0:03 | Build | House |
| 0:20 | Create | Villager (Male) |
| 0:25 | Create | Villager (Male) |
| 0:26 | Create | Villager (Male) |
| 1:28 | Create | Villager (Male) |
| 1:28 | Create | Villager (Male) |
| 2:04 | Create | Villager (Male) |
| 2:04 | Create | Villager (Male) |
| 2:23 | Build | Lumber Camp |
| 2:23 | Create | Villager (Male) |
| 2:34 | Create | Villager (Male) |
| 2:55 | Create | Villager (Male) |
| 2:56 | Create | Villager (Male) |
| 3:06 | Build | House |
| 3:44 | Create | Villager (Male) |
| 3:44 | Create | Villager (Male) |
| 4:02 | Create | Villager (Male) |
| 4:02 | Create | Villager (Male) |
| 4:27 | Create | Villager (Male) |
| 4:27 | Create | Villager (Male) |
| 4:52 | Create | Villager (Male) |
| 5:15 | Create | Villager (Male) |
| 5:19 | Build | Mill |
| 5:29 | Create | Villager (Male) |
| 5:55 | Research | Loom |
| 6:42 | Research | Feudal Age |
| 6:43 | Research | Feudal Age |
| 7:29 | Create | Villager (Male) |
| 7:39 | Build | Barracks |
| 7:57 | Create | Villager (Male) |
| 8:05 | Build | House |
| 8:13 | Build | House |
| 8:17 | Create | Villager (Male) |
| 8:21 | Build | Palisade Gate |
| 8:23 | Create | Villager (Male) |
| 8:27 | Build | Palisade Wall |
| 8:52 | Age | Feudal Age |
| 8:53 | Build | Palisade Wall |
| 9:01 | Create | Spearman |
| 9:02 | Create | Villager (Male) |
| 9:13 | Create | Villager (Male) |
| 9:26 | Create | Villager (Male) |
| 9:33 | Create | Villager (Male) |
| 9:35 | Research | Double-Bit Axe |
| 9:35 | Research | Double-Bit Axe |
| 9:58 | Build | Farm |
| 10:02 | Research | Horse Collar |
| 10:04 | Build | Farm |
| 10:31 | Create | Villager (Male) |
| 10:33 | Build | Archery Range |
| 10:47 | Create | Villager (Male) |
| 11:03 | Create | Villager (Male) |
| 11:08 | Create | Archer |
| 11:08 | Create | Archer |
| 11:08 | Create | Archer |
| 11:09 | Create | Skirmisher |
| 11:14 | Build | Farm |
| 11:24 | Create | Skirmisher |
| 11:41 | Build | Mining Camp |
| 11:48 | Create | Skirmisher |
| 11:51 | Build | Palisade Wall |
| 11:52 | Build | Palisade Wall |
| 11:59 | Create | Villager (Male) |
| 12:08 | Create | Villager (Male) |
| 12:10 | Build | Farm |
| 12:17 | Build | House |
| 12:18 | Build | House |
| 12:27 | Create | Skirmisher |
| 12:28 | Create | Villager (Male) |
| 12:40 | Create | Skirmisher |
| 12:52 | Create | Villager (Male) |
| 12:57 | Create | Skirmisher |
| 13:00 | Build | House |
| 13:08 | Build | Blacksmith |
| 13:16 | Build | Lumber Camp |
| 13:20 | Create | Skirmisher |
| 13:21 | Create | Villager (Male) |
| 13:33 | Create | Villager (Male) |
| 13:40 | Build | House |
| 13:43 | Build | Farm |
| 13:43 | Build | Farm |
| 13:44 | Build | Farm |
| 13:44 | Build | Farm |
| 13:44 | Build | Farm |
| 13:50 | Create | Archer |
| 13:57 | Create | Villager (Male) |
| 14:18 | Create | Villager (Male) |
| 14:19 | Create | Skirmisher |
| 14:24 | Build | Farm |
| 14:25 | Build | Farm |
| 14:27 | Build | Farm |
| 14:35 | Create | Villager (Male) |
| 15:02 | Research | Fletching |
| 15:05 | Build | House |
| 15:09 | Build | Mill |
| 15:14 | Create | Villager (Male) |
| 15:14 | Create | Villager (Male) |
| 15:19 | Build | Farm |
| 15:41 | Create | Villager (Male) |
| 15:41 | Create | Villager (Male) |
| 15:48 | Build | Archery Range |
| 15:57 | Create | Villager (Male) |
| 16:18 | Create | Villager (Male) |
| 16:22 | Build | Farm |
| 16:26 | Create | Skirmisher |
| 16:40 | Create | Archer |
| 16:41 | Create | Archer |
| 16:41 | Create | Villager (Male) |
| 16:56 | Create | Villager (Male) |
| 17:00 | Build | House |
| 17:01 | Build | Palisade Wall |
| 17:06 | Build | House |
| 17:07 | Build | Palisade Wall |
| 17:13 | Build | Farm |
| 17:16 | Create | Archer |
| 17:16 | Create | Archer |
| 17:17 | Create | Villager (Male) |
| 17:37 | Create | Villager (Male) |
| 17:49 | Create | Villager (Male) |
| 18:01 | Create | Archer |
| 18:01 | Create | Villager (Male) |
| 18:07 | Build | Farm |
| 18:09 | Build | Farm |
| 18:22 | Build | Farm |
| 18:30 | Build | Market |
| 18:36 | Create | Archer |
| 18:37 | Create | Villager (Male) |
| 18:43 | Build | Farm |
| 18:57 | Create | Villager (Male) |
| 19:11 | Create | Villager (Male) |
| 19:15 | Research | Wheelbarrow |
| 19:31 | Create | Archer |
| 19:37 | Build | House |
| 19:38 | Build | House |
| 20:02 | Create | Villager (Male) |
| 20:15 | Build | House |
| 20:30 | Research | Castle Age |
| 20:30 | Research | Castle Age |
| 20:37 | Create | Archer |
| 20:37 | Create | Archer |
| 21:00 | Create | Skirmisher |
| 21:00 | Create | Skirmisher |
| 21:08 | Research | Padded Archer Armor |
| 21:08 | Research | Padded Archer Armor |
| 21:14 | Create | Skirmisher |
| 21:23 | Create | Villager (Male) |
| 21:26 | Build | Stable |
Build order — Ode
First 150 of 334 actions detected
| 0:00 | Create | Villager (Male) |
| 0:00 | Create | Villager (Male) |
| 0:01 | Create | Villager (Male) |
| 0:01 | Create | Villager (Male) |
| 0:02 | Build | House |
| 0:03 | Build | House |
| 1:43 | Create | Villager (Male) |
| 1:43 | Create | Villager (Male) |
| 1:46 | Build | Lumber Camp |
| 2:10 | Create | Villager (Male) |
| 2:22 | Create | Villager (Male) |
| 3:16 | Create | Villager (Male) |
| 3:21 | Build | House |
| 3:22 | Build | Palisade Wall |
| 4:02 | Create | Villager (Male) |
| 4:20 | Create | Villager (Male) |
| 4:25 | Create | Villager (Male) |
| 4:31 | Build | Barracks |
| 4:40 | Create | Villager (Male) |
| 4:43 | Build | House |
| 5:11 | Build | Mill |
| 5:39 | Create | Villager (Male) |
| 5:40 | Create | Militia |
| 5:41 | Create | Militia |
| 5:55 | Create | Villager (Male) |
| 6:13 | Create | Villager (Male) |
| 6:16 | Build | Mining Camp |
| 6:58 | Create | Villager (Male) |
| 6:59 | Create | Villager (Male) |
| 7:05 | Research | Loom |
| 7:14 | Build | House |
| 8:00 | Research | Feudal Age |
| 8:07 | Build | House |
| 8:09 | Build | Palisade Wall |
| 8:13 | Create | Militia |
| 8:29 | Create | Militia |
| 8:33 | Build | Farm |
| 8:51 | Create | Militia |
| 9:40 | Create | Villager (Male) |
| 9:50 | Build | Palisade Wall |
| 10:05 | Build | House |
| 10:23 | Age | Feudal Age |
| 10:25 | Research | Man-at-Arms (upgrade) |
| 10:29 | Build | Archery Range |
| 10:31 | Build | Palisade Wall |
| 10:39 | Build | House |
| 10:41 | Build | Palisade Wall |
| 10:42 | Research | Double-Bit Axe |
| 10:48 | Build | Palisade Wall |
| 11:00 | Create | Villager (Male) |
| 11:00 | Create | Villager (Male) |
| 11:03 | Create | Spearman |
| 11:07 | Build | Palisade Wall |
| 11:07 | Build | Palisade Wall |
| 11:08 | Build | Palisade Wall |
| 11:24 | Create | Skirmisher |
| 11:25 | Create | Villager (Male) |
| 11:48 | Create | Skirmisher |
| 11:49 | Create | Skirmisher |
| 11:54 | Build | Farm |
| 12:04 | Create | Skirmisher |
| 12:20 | Build | Palisade Gate |
| 12:20 | Build | Palisade Wall |
| 12:21 | Build | Palisade Wall |
| 12:25 | Build | Farm |
| 12:28 | Create | Villager (Male) |
| 12:41 | Create | Skirmisher |
| 12:45 | Build | Farm |
| 13:03 | Create | Villager (Male) |
| 13:13 | Create | Villager (Male) |
| 13:16 | Build | Farm |
| 13:19 | Build | Farm |
| 13:40 | Create | Skirmisher |
| 13:41 | Create | Villager (Male) |
| 13:47 | Build | Farm |
| 14:06 | Create | Villager (Male) |
| 14:10 | Build | Blacksmith |
| 14:26 | Create | Villager (Male) |
| 14:27 | Create | Skirmisher |
| 14:28 | Build | Farm |
| 14:32 | Build | Farm |
| 14:39 | Create | Villager (Male) |
| 14:49 | Build | Farm |
| 15:01 | Research | Fletching |
| 15:06 | Build | Farm |
| 15:11 | Build | Lumber Camp |
| 15:16 | Create | Villager (Male) |
| 15:48 | Create | Villager (Male) |
| 15:51 | Build | Farm |
| 15:53 | Build | Farm |
| 15:56 | Build | Farm |
| 16:05 | Create | Skirmisher |
| 16:06 | Create | Skirmisher |
| 16:41 | Create | Villager (Male) |
| 16:41 | Create | Skirmisher |
| 16:42 | Create | Skirmisher |
| 16:44 | Create | Villager (Male) |
| 16:50 | Build | Market |
| 16:58 | Create | Skirmisher |
| 17:00 | Create | Villager (Male) |
| 17:03 | Build | Farm |
| 17:06 | Build | Farm |
| 17:10 | Research | Wheelbarrow |
| 17:35 | Create | Villager (Male) |
| 17:48 | Create | Skirmisher |
| 17:55 | Build | House |
| 17:58 | Build | House |
| 18:00 | Build | House |
| 18:05 | Build | Palisade Wall |
| 18:37 | Build | Lumber Camp |
| 18:40 | Build | Lumber Camp |
| 18:45 | Create | Villager (Male) |
| 19:09 | Research | Castle Age |
| 19:24 | Build | Archery Range |
| 19:26 | Create | Skirmisher |
| 19:41 | Research | Padded Archer Armor |
| 19:43 | Create | Skirmisher |
| 19:43 | Create | Skirmisher |
| 19:45 | Build | House |
| 19:47 | Build | Palisade Wall |
| 19:57 | Create | Skirmisher |
| 20:08 | Create | Skirmisher |
| 20:08 | Create | Skirmisher |
| 20:18 | Build | House |
| 20:24 | Create | Skirmisher |
| 20:24 | Create | Skirmisher |
| 20:44 | Create | Skirmisher |
| 20:44 | Create | Skirmisher |
| 21:00 | Create | Skirmisher |
| 21:00 | Create | Skirmisher |
| 21:07 | Build | Palisade Wall |
| 21:14 | Build | Farm |
| 21:27 | Build | Palisade Gate |
| 21:41 | Research | Horse Collar |
| 21:45 | Create | Villager (Male) |
| 21:51 | Age | Castle Age |
| 21:54 | Research | Bodkin Arrow |
| 21:56 | Create | Cavalry Archer |
| 21:56 | Create | Cavalry Archer |
| 21:56 | Create | Cavalry Archer |
| 21:57 | Create | Villager (Male) |
| 22:10 | Create | Cavalry Archer |
| 22:11 | Create | Villager (Male) |
| 22:32 | Build | Farm |
| 22:37 | Research | Elite Skirmisher (upgrade) |
| 22:52 | Build | Town Center |
| 23:00 | Build | Farm |
| 23:03 | Create | Cavalry Archer |
| 23:03 | Create | Cavalry Archer |
| 23:04 | Build | Farm |
Match timeline
| 3:22 | Ode · wall_segment Palisade Wall x1 |
| 4:31 | Ode · first_building Barracks |
| 7:39 | Swareee · first_building Barracks |
| 8:09 | Ode · wall_segment Palisade Wall x5 |
| 8:27 | Swareee · wall_segment Palisade Wall x6 |
| 8:52 | Swareee · age_up feudal |
| 8:53 | Swareee · wall_segment Palisade Wall x2 |
| 9:50 | Ode · wall_segment Palisade Wall x5 |
| 10:23 | Ode · age_up feudal |
| 10:29 | Ode · first_building Archery Range |
| 10:31 | Ode · wall_segment Palisade Wall x5 |
| 10:33 | Swareee · first_building Archery Range |
| 10:41 | Ode · wall_segment Palisade Wall x15 |
| 10:48 | Ode · wall_segment Palisade Wall x12 |
| 11:07 | Ode · wall_segment Palisade Wall x6 |
| 11:07 | Ode · wall_segment Palisade Wall x1 |
| 11:08 | Ode · wall_segment Palisade Wall x5 |
| 11:51 | Swareee · wall_segment Palisade Wall x1 |
| 11:52 | Swareee · wall_segment Palisade Wall x1 |
| 12:20 | Ode · wall_segment Palisade Wall x1 |
| 12:21 | Ode · wall_segment Palisade Wall x1 |
| 17:01 | Swareee · wall_segment Palisade Wall x9 |
| 17:07 | Swareee · wall_segment Palisade Wall x10 |
| 18:05 | Ode · wall_segment Palisade Wall x1 |
| 18:18 | Ode · first_market_sell 100 wood |
| 18:20 | Ode · first_market_buy 100 food |
| 19:47 | Ode · wall_segment Palisade Wall x4 |
| 19:56 | Swareee · first_market_sell 500 wood |
| 19:58 | Swareee · first_market_buy 100 food |
| 21:07 | Ode · wall_segment Palisade Wall x1 |
| 21:26 | Swareee · first_building Stable |
| 21:51 | Ode · age_up castle |
| 23:10 | Swareee · age_up castle |
| 23:17 | Swareee · first_building Siege Workshop |
| 24:24 | Ode · first_building Siege Workshop |
| 28:26 | Swareee · first_building Monastery |
| 36:45 | Swareee · age_up imperial |
| 37:41 | Swareee · first_building Castle |
| 38:01 | Ode · resign |
[ AI ANALYSIS · 1 CREDIT ]
What really happened in this match?
Wolo.gg analyzes every decision: build order, eco, micro, common mistakes by bracket. Personalized analysis on WhatsApp or Discord in 30 seconds.
Civ guide
Vietnamese
Perfil
Jugador #8160379